Map: Eternal Empire LE

Players

Polt - Winner!

  • Race: Terran Terran
  • Spawn Location: 7:00

Harstem

  • Race: Protoss Protoss
  • Spawn Location: 1:00

Event: IEM Katowice 2020

VOD

Have the link to the VOD?

Description

Time

  • Played on: Feb. 25, 2020, 5:53 a.m.
  • Length: 24:28

All games in this series

Show
View Real Time Build Order
Export as new Build Order

Polt Terran - Winner!

Build Orders: Reaper Expand 

Get SALT Encoding   

  12  0:00  SCV  
  13  0:13  SCV  
  14  0:17  Supply Depot  
  14  0:25  SCV  
  15  0:39  SCV  
  15  0:41  Barracks  
  16  0:43  Refinery  
  16  0:51  SCV  
  17  1:03  SCV  
  18  1:15  SCV  
  19  1:27  Orbital Command  
  19  1:28  Reaper  
  20  1:40  Command Center  
  20  1:50  Supply Depot  
  20  1:53  SCV  
  21  2:00  Marine  
  22  2:05  SCV  
  22  2:08  Factory  
  23  2:16  Refinery  
  23  2:17  SCV  
  23  2:21  Barracks Reactor  
  24  2:23  Bunker  
  24  2:29  SCV  
  25  2:41  SCV  
  26  2:52  Orbital Command  
  26  2:53  SCV  
  26  2:54  Starport  
  26  2:57  Widow Mine  
  29  2:58  Marine x2  
  32  3:05  SCV  
  31  3:13  Supply Depot  
  31  3:17  SCV, Marine x2  
  36  3:20  Widow Mine  
  36  3:24  SCV  
  37  3:29  SCV  
  37  3:31  Supply Depot  
  38  3:35  Marine x2  
  38  3:36  SCV  
  41  3:43  Fusion Core, Starport Tech Lab  
  41  3:49  SCV x2  
  41  3:53  Marine x2  
  45  4:01  SCV x2  
  47  4:06  Medivac  
  49  4:14  Marine x2  
  49  4:16  SCV x2  
  53  4:18  Refinery  
  53  4:28  SCV  
  55  4:33  Command Center  
  55  4:35  Supply Depot  
  54  4:40  SCV  
  54  4:41  SCV  
  56  4:46  Battlecruiser  
  56  4:51  Factory Tech Lab  
  62  4:56  SCV x2, Marine x2  
  62  4:57  Supply Depot  
  66  5:08  SCV x2  
  66  5:09  Barracks  
  66  5:13  Barracks  
  68  5:15  Supply Depot  
  68  5:17  Refinery  
  68  5:19  Marine x2, Siege Tank  
  73  5:40  Marine x2  
  75  5:43  SCV x2  
  73  5:50  Orbital Command  
  73  5:54  Barracks x2  
  73  5:56  Engineering Bay x2  
  71  5:59  Battlecruiser  
  71  6:02  SCV  
  71  6:03  SCV  
  79  6:13  Supply Depot  
  79  6:14  SCV, Barracks Tech Lab x2  
  79  6:15  SCV, Marine x2  
  83  6:19  Siege Tank  
  83  6:24  Terran Infantry Weapons Level 1, Terran Infantry Armor Level 1  
  86  6:26  Orbital Command  
  86  6:27  SCV x2  
  88  6:37  Marauder x2, Marine x2  
  88  6:39  SCV x2  
  96  6:48  Supply Depot  
  96  6:49  Supply Depot  
  96  6:50  Supply Depot, Stimpack  
  96  6:51  SCV x2  
  96  6:52  SCV  
  96  6:54  Barracks Reactor x2  
  99  7:03  SCV x2, Refinery  
  99  7:04  SCV  
  99  7:05  Refinery  
  102  7:09  Battlecruiser  
  108  7:15  SCV x2  
  108  7:17  SCV  
  111  7:24  Supply Depot, Marine x4  
  111  7:25  Supply Depot  
  111  7:26  Weapon Refit  
  111  7:29  SCV x3  
  118  7:36  Missile Turret x2  
  118  7:39  Marine x2  
  118  7:43  Marauder x2  
  124  7:49  Siege Tank  
  127  7:51  Armory  
  127  7:57  Supply Depot x2  
  127  8:02  Supply Depot  
  127  8:04  Marauder x2  
  131  8:11  Combat Shield, Marine x4  
  135  8:26  Concussive Shells, Marauder x3  
  141  8:28  Medivac x2  
  141  8:29  Marine x4  
  141  8:30  SCV x3  
  152  8:44  Terran Infantry Armor Level 2, Terran Infantry Weapons Level 2  
  152  8:46  Marine  
  152  8:47  Marauder x3, Marine x3  
  162  8:52  Command Center  
  162  8:54  Terran Ship Weapons Level 1, Supply Depot  
  162  8:55  Supply Depot  
  162  9:04  Medivac  
  162  9:05  Medivac  
  162  9:09  Marauder x3, Marine  
  173  9:15  Marine x3  
  176  9:29  Marine  
  176  9:30  Marauder x3  
  177  9:33  Marine x3  
  177  9:34  Medivac  
  177  9:36  Medivac  
  184  9:43  Barracks x3  
  184  9:45  Supply Depot, Ghost Academy  
  183  9:47  Supply Depot  
  183  9:52  Marauder x3  
  189  10:03  Marine x4  
  189  10:06  Sensor Tower  
  193  10:09  Command Center  
  193  10:23  Ghost x3  
  193  10:24  Marine  
  198  10:29  SCV  
  198  10:30  SCV x2  
  200  10:42  Barracks Reactor, Barracks Tech Lab x2  
  200  10:58  Terran Ship Weapons Level 2  
  200  10:59  Rapid Reignition System  
  200  11:16  Planetary Fortress  
  200  11:22  Orbital Command  
  200  11:24  Command Center  
  199  11:27  Terran Infantry Weapons Level 3, Terran Infantry Armor Level 3  
  199  11:28  Enhanced Shockwaves  
  197  11:55  Refinery x2  
  196  12:03  Missile Turret  
  196  12:14  Missile Turret x2, Sensor Tower  
  195  12:16  Missile Turret  
  195  12:29  Starport  
  195  12:30  Starport  
  195  12:31  Starport  
  183  13:01  Supply Depot  
  183  13:04  Command Center  
  183  13:06  Personal Cloaking  
  183  13:07  Supply Depot  
  183  13:11  Command Center  
  183  13:13  Command Center, Starport Tech Lab x3  
  183  13:15  Terran Vehicle And Ship Armor Level 1  
  172  13:47  Battlecruiser x3  
  190  13:54  Liberator x2  
  196  13:56  Supply Depot  
  195  14:08  Hi-Sec Auto Tracking, Neosteel Armor  
  191  14:10  Planetary Fortress  
  191  14:16  Planetary Fortress  
  182  14:38  Orbital Command  
  182  14:43  SCV x4  
  182  14:44  Orbital Command  
  180  14:46  Command Center  
  180  14:50  Sensor Tower  
  180  14:52  Command Center  
  180  14:59  Unknown  
  180  15:00  Missile Turret  
  180  15:03  Battlecruiser  
  180  15:04  Battlecruiser x2  
  194  15:09  Terran Ship Weapons Level 3  
  194  15:13  Missile Turret  
  192  15:19  Missile Turret  
  174  15:29  Missile Turret  
  174  15:37  Marauder x5, Marine x5  
  147  16:15  SCV  
  147  16:16  SCV x5  
  153  16:26  Medivac x2  
  154  16:38  Planetary Fortress  
  154  16:41  SCV x6  
  160  16:55  Ghost x2, Marauder x3, Marine x6  
  176  17:03  Orbital Command  
  176  17:18  Battlecruiser x3  
  194  17:28  Command Center  
  191  18:13  Missile Turret  
  191  18:30  Battlecruiser  
  191  18:31  Terran Vehicle And Ship Armor Level 2  
  194  18:43  Battlecruiser  
  200  18:51  Command Center  
  200  19:03  Sensor Tower  
  200  19:16  Battlecruiser  
  183  19:43  Battlecruiser  
  189  19:48  Battlecruiser  
  180  19:56  Ghost x2, Marauder x3  
  180  19:57  Marine x6  
  185  20:22  Planetary Fortress, Command Center  
  185  20:30  Battlecruiser  
  191  20:48  Battlecruiser  
  195  20:52  Battlecruiser  
  177  21:08  Marauder x5, Marine x6  
  177  21:19  Terran Vehicle And Ship Armor Level 3  
  177  21:34  Battlecruiser  
  182  21:49  Refinery  
  182  21:50  Missile Turret  
  182  21:52  Refinery  
  182  22:02  Battlecruiser x2  
  182  22:07  Orbital Command  
  183  22:38  Battlecruiser  
  183  22:59  Command Center  
  183  23:06  Battlecruiser  
  183  23:09  Command Center  
  183  23:10  Marine x4  
  183  23:11  Marine x7  
  187  23:35  Marine x5  
  187  23:36  Marine x5  
Show
View Real Time Build Order
Export as new Build Order

Harstem Protoss 

Build Orders: 1 Gate Expand, Oracle Opening, Phoenix Opening 

Get SALT Encoding   

  12  0:00  Probe  
  13  0:13  Probe  
  14  0:17  Pylon  
  14  0:25  Probe (Chrono Boost)  
  15  0:37  Gateway  
  15  0:38  Probe (Chrono Boost)  
  16  0:45  Probe (Chrono Boost)  
  16  0:46  Assimilator  
  17  0:52  Probe  
  18  1:04  Probe  
  19  1:16  Probe  
  20  1:25  Nexus  
  20  1:33  Cybernetics Core  
  20  1:36  Probe  
  21  1:43  Assimilator  
  21  1:48  Probe  
  21  1:52  Pylon  
  22  2:00  Probe  
  23  2:07  Adept (Chrono Boost)  
  23  2:12  Probe  
  26  2:15  Stargate  
  26  2:24  Probe  
  26  2:25  Warp Gate  
  26  2:28  Adept (Chrono Boost)  
  30  2:39  Probe (Chrono Boost)  
  30  2:40  Probe (Chrono Boost)  
  31  2:50  Probe (Chrono Boost)  
  33  2:52  Probe (Chrono Boost)  
  33  2:55  Probe (Chrono Boost)  
  34  2:59  Oracle (Chrono Boost)  
  34  3:01  Probe  
  38  3:06  Probe  
  39  3:13  Probe  
  39  3:16  Pylon  
  39  3:18  Probe  
  41  3:25  Probe  
  42  3:29  Nexus  
  42  3:30  Probe  
  43  3:36  Robotics Facility  
  43  3:37  Probe  
  44  3:45  Phoenix  
  47  3:49  Probe  
  47  3:50  Probe  
  48  3:57  Gateway  
  48  4:01  Probe, Pylon  
  48  4:02  Probe  
  50  4:09  Gateway  
  47  4:10  Phoenix (Chrono Boost)  
  47  4:13  Probe  
  47  4:15  Probe  
  47  4:16  Assimilator  
  51  4:18  Pylon  
  51  4:22  Assimilator  
  51  4:26  Robotics Bay  
  51  4:27  Probe  
  51  4:29  Probe  
  53  4:39  Probe (Chrono Boost)  
  53  4:41  Probe (Chrono Boost), Immortal  
  53  4:43  Probe (Chrono Boost)  
  60  4:51  Probe (Chrono Boost)  
  60  4:52  Probe (Chrono Boost), Forge  
  62  4:53  Probe (Chrono Boost)  
  62  4:55  Probe (Chrono Boost)  
  62  4:56  Probe (Chrono Boost)  
  62  4:59  Probe  
  65  5:03  Sentry  
  65  5:06  Probe  
  65  5:07  Probe, Phoenix  
  71  5:11  Probe  
  73  5:18  Probe, Pylon  
  73  5:19  Probe  
  75  5:24  Probe  
  73  5:29  Zealot  
  73  5:31  Probe  
  75  5:39  Adept  
  75  5:40  Pylon, Adept  
  75  5:41  Probe  
  86  5:43  Probe  
  86  5:45  Probe  
  88  5:53  Probe, Protoss Ground Weapons Level 1  
  88  5:55  Probe  
  88  5:57  Probe  
  88  5:59  Forge  
  88  6:02  Stalker  
  88  6:04  Stalker x2  
  88  6:05  Probe (Chrono Boost), Phoenix  
  88  6:09  Probe x2 (Chrono Boost), Shield Battery  
  87  6:14  Shield Battery  
  88  6:19  Assimilator  
  88  6:21  Assimilator  
  88  6:23  Probe (Chrono Boost)  
  88  6:24  Probe (Chrono Boost)  
  88  6:25  Stalker  
  91  6:27  Stalker x2  
  91  6:29  Probe (Chrono Boost)  
  91  6:32  Phoenix  
  94  6:33  Probe (Chrono Boost)  
  94  6:35  Probe (Chrono Boost)  
  94  6:39  Shield Battery  
  96  6:41  Protoss Ground Armor Level 1  
  96  6:44  Probe x2 (Chrono Boost)  
  98  6:47  Probe (Chrono Boost)  
  98  6:51  Twilight Council  
  99  6:56  Probe, Pylon  
  99  6:57  Pylon  
  99  7:01  Pylon  
  99  7:09  Probe  
  99  7:14  Observer (Chrono Boost)  
  99  7:15  Gateway  
  101  7:18  Stalker x3, Phoenix (Chrono Boost), Gateway  
  101  7:21  Gateway  
  109  7:23  Pylon  
  109  7:29  Protoss Air Weapons Level 1 (Chrono Boost)  
  110  7:31  Pylon  
  110  7:36  Gateway  
  110  7:37  Warp Prism (Chrono Boost), Templar Archives, Gateway  
  111  7:45  Phoenix  
  111  7:50  Pylon, Nexus  
  113  7:58  Zealot x3  
  113  8:02  Pylon  
  119  8:12  Stalker  
  119  8:14  Shield Battery  
  119  8:15  Colossus (Chrono Boost)  
  119  8:19  Zealot  
  127  8:20  Sentry, Zealot x3  
  127  8:24  Probe  
  127  8:25  Probe  
  127  8:26  Probe  
  137  8:34  High Templar x2  
  137  8:35  Zealot  
  137  8:37  Probe x2, Pylon  
  137  8:38  Probe  
  145  8:49  Probe x2, Stalker x3  
  145  8:50  Shield Battery  
  145  8:51  Probe, Pylon  
  145  8:53  Archon  
  154  8:58  Protoss Ground Armor Level 2 (Chrono Boost)  
  154  9:01  Probe x2  
  154  9:02  Probe  
  157  9:03  Unknown  
  157  9:08  Pylon  
  157  9:09  Pylon  
  157  9:11  Protoss Ground Weapons Level 2 (Chrono Boost)  
  157  9:14  Observer  
  157  9:15  Probe  
  152  9:17  Charge (Chrono Boost)  
  152  9:27  Sentry  
  152  9:28  Zealot x5  
  160  9:37  Stalker  
  160  9:38  Stalker  
  164  9:41  Probe  
  164  9:44  Colossus (Chrono Boost)  
  171  9:50  Zealot x2  
  171  9:51  Zealot  
  177  9:56  Extended Thermal Lance  
  177  9:58  Zealot x2  
  177  9:59  Zealot  
  182  10:02  Nexus  
  182  10:04  Dark Shrine  
  182  10:05  Zealot  
  184  10:10  Probe  
  184  10:13  Stalker x2, Zealot  
  191  10:20  Zealot x3  
  195  10:27  Zealot  
  195  10:34  Zealot  
  195  10:35  Zealot  
  193  10:36  Zealot  
  193  10:41  Pylon  
  193  10:42  Pylon  
  185  10:57  Probe x2  
  185  10:59  Pylon  
  185  11:00  High Templar x3  
  185  11:01  Pylon, High Templar  
  189  11:04  Archon  
  189  11:05  Protoss Ground Armor Level 3  
  189  11:07  Archon  
  189  11:08  Pylon  
  189  11:10  Pylon  
  189  11:11  Assimilator  
  189  11:13  Probe  
  189  11:15  Assimilator  
  188  11:30  Stalker x3  
  188  11:31  Stalker  
  196  11:32  Stalker  
  196  11:33  Stalker  
  196  11:38  Nexus  
  188  11:40  Stalker x2, Blink (Chrono Boost)  
  188  11:41  Protoss Ground Weapons Level 3  
  188  11:44  Probe (Chrono Boost)  
  194  11:48  Probe (Chrono Boost)  
  194  11:49  Probe (Chrono Boost), Disruptor (Chrono Boost)  
  197  11:55  Probe (Chrono Boost)  
  197  11:57  Probe (Chrono Boost)  
  196  12:11  Gateway x2  
  196  12:14  Gravitic Drive (Chrono Boost), Disruptor (Chrono Boost)  
  199  12:15  Photon Cannon  
  199  12:18  Unknown  
  199  12:20  Probe  
  196  12:22  Robotics Facility  
  196  12:24  Probe  
  196  12:25  Probe, Shield Battery  
  196  12:26  Photon Cannon  
  196  12:27  Photon Cannon  
  196  12:29  Pylon  
  196  12:43  Warp Prism  
  168  12:54  Probe (Chrono Boost)  
  168  12:55  Probe (Chrono Boost)  
  172  13:01  Dark Templar  
  172  13:02  Zealot x5, Dark Templar x2  
  172  13:03  Probe x2 (Chrono Boost)  
  188  13:11  Fleet Beacon  
  188  13:13  Stargate  
  188  13:15  Stargate, Photon Cannon  
  188  13:18  Disruptor  
  191  13:22  Pylon  
  167  13:45  Stalker x4  
  167  13:46  Stalker x3  
  167  13:47  Stalker, Zealot x2  
  175  13:54  Probe  
  175  13:56  Probe  
  167  14:06  Probe x3  
  167  14:08  Tempest x2  
  167  14:09  Probe, Pylon  
  170  14:12  Probe  
  169  14:17  Zealot, Dark Templar  
  169  14:18  Probe x3, Zealot x6  
  169  14:21  Probe  
  188  14:24  Probe  
  188  14:26  Stalker x2  
  188  14:30  Probe  
  188  14:31  Probe x2  
  193  14:33  Probe  
  191  14:45  Disruptor (Chrono Boost)  
  192  14:48  Protoss Air Weapons Level 2 (Chrono Boost)  
  192  14:52  Disruptor (Chrono Boost)  
  195  14:53  High Templar x2  
  193  15:04  Archon  
  193  15:05  Zealot x2  
  193  15:06  Dark Templar x2  
  185  15:21  Warp Prism  
  181  15:23  Stalker x4  
  181  15:26  Stalker  
  181  15:27  Stalker x3  
  176  15:53  Disruptor (Chrono Boost)  
  176  15:55  Zealot x2  
  176  15:56  Stalker x7, Zealot  
  185  15:59  Probe  
  154  16:19  Zealot x8  
  154  16:20  Zealot x2  
  170  16:26  Disruptor (Chrono Boost)  
  170  16:30  Disruptor (Chrono Boost)  
  171  16:33  Nexus  
  169  16:40  Pylon  
  169  16:49  Assimilator  
  169  16:51  High Templar x4  
  169  16:52  Stalker x2, Sentry  
  169  16:53  Zealot x3  
  189  16:54  Disruptor  
  189  16:55  Assimilator  
  189  16:56  Archon x2  
  192  17:01  Disruptor  
  195  17:11  Protoss Shields Level 1 (Chrono Boost)  
  195  17:17  Tempest (Chrono Boost)  
  195  17:20  Tempest (Chrono Boost)  
  194  17:28  Tempest (Chrono Boost)  
  199  17:31  Photon Cannon  
  199  17:39  Pylon, Photon Cannon  
  187  17:49  Nexus  
  182  17:54  Dark Templar  
  182  17:55  Stargate, Zealot x3  
  182  17:56  Tempest (Chrono Boost)  
  198  18:00  Oracle (Chrono Boost)  
  195  18:14  Shield Battery  
  195  18:16  Tempest (Chrono Boost), Photon Cannon  
  194  18:29  Tempest (Chrono Boost)  
  194  18:31  Tempest (Chrono Boost)  
  194  18:33  Protoss Air Weapons Level 3 (Chrono Boost)  
  199  18:47  Tempest (Chrono Boost)  
  193  18:50  Oracle (Chrono Boost)  
  193  18:51  Pylon  
  193  18:53  Unknown  
  197  19:01  Nexus  
  197  19:03  Pylon  
  193  19:18  Oracle  
  193  19:40  Tempest x2  
  193  19:43  Tempest  
  196  19:56  Tempest  
  197  20:04  Stalker x3  
  192  20:20  Probe  
  189  20:21  Probe x3  
  189  20:25  Photon Cannon  
  189  20:27  Photon Cannon  
  189  20:28  Tempest  
  196  20:29  Shield Battery  
  196  20:37  Zealot x2  
  196  20:38  Shield Battery  
  196  20:39  Shield Battery  
  196  20:41  Shield Battery  
  196  20:42  Photon Cannon  
  196  21:00  Stalker x3  
  197  21:07  Stalker x2  
  197  21:08  Stalker  
  192  21:14  Probe  
  181  21:18  Stalker x4  
  181  21:24  Stalker x3  
  179  21:28  Probe  
  172  21:41  Probe  
  172  21:44  Oracle (Chrono Boost)  
  172  21:46  Oracle (Chrono Boost)  
  173  21:50  Stalker x8  
  173  21:54  Nexus  
  200  21:55  Tempest (Chrono Boost), Oracle (Chrono Boost)  
  200  21:58  Pylon  
  200  22:04  Pylon  
  200  22:07  Pylon  
  200  22:08  Protoss Air Armor Level 1 (Chrono Boost)  
  158  22:44  Probe x2  
  158  22:45  Probe x2  
  158  22:47  Stalker x5  
  169  22:53  Stalker  
  169  22:56  Probe  
  169  22:57  Probe x3  
  173  23:08  Probe  
  173  23:10  Probe  
  173  23:20  Assimilator  
  173  23:21  Assimilator  
  173  23:32  Nexus  
  173  23:36  Stalker x2  
  177  23:50  Zealot x2  
  177  23:51  Zealot x3  
  140  24:14  Zealot x2  
  140  24:15  Zealot  
  115  24:22  Zealot x2  

Tags
 
Add a new tag
Caveats
  • Supply blocks, unpowered buildings, or Contaminate may cause inaccurate times.
  • Supply counts are checked every 10 seconds.